 Dungeon Crawl Stone Soup version 0.30.0 (webtiles) character file.

Game seed: 9279107366464531651

67 undead the Trooper (level 4, 0/40 HPs)
             Began as a Hill Orc Fighter on Sept 27, 2023.
             Slain by Terence
             ... wielding a +2 falchion of protection
              (4 damage)
             ... on level 2 of the Dungeon.
             The game lasted 00:11:07 (1234 turns).

undead the Trooper (Hill Orc Fighter)               Turns: 1234, Time: 00:11:08

Health: 0/40       AC:  7    Str: 20    XL:     4   Next: 18%
Magic:  4/4        EV:  9    Int:  8    God:
Gold:   68         SH:  4    Dex: 10    Spells: 3/3 levels left

rFire   . . .        d - +0 hand axe (vamp)
rCold   . . .        c - +0 buckler
rNeg    . . .        b - +0 scale mail
rPois   .            (no helmet)
rElec   .            (no cloak)
rCorr   .            (no gloves)
SInv    .            (no boots)
Will    .....        (no amulet) Stlth
                     (no ring)
HPRegen 0.26/turn    (no ring)
MPRegen 0.09/turn

%: no passive effects
@: no status effects
A: no striking features
a: no special abilities


You were on level 2 of the Dungeon.
You visited 1 branch of the dungeon, and saw 2 of its levels.

You collected 68 gold pieces.

Inventory:

Hand Weapons
 a - a +0 war axe
 d - a +0 vampiric hand axe (weapon)
Armour
 b - a +0 scale mail (worn)
 c - a +0 buckler (worn)


   Skills:
 + Level 4.2 Fighting
 + Level 4.1 Axes
 + Level 3.9 Armour
 + Level 0.3 Dodging
 + Level 3.5 Shields


You had 3 spell levels left.
You didn't know any spells.
Your spell library was empty.

Dungeon Overview and Level Annotations

Branches:
Dungeon (2/15)

Altars:

Annotations:
D:2 Terence


Message History

You barely miss the ball python.
Terence hits you with a +2 falchion of protection.
The ball python barely misses you. The ball python constricts you.
The ball python barely misses you.
You closely miss the ball python. You hit the ball python.
You feel better.
You kill the ball python!
You barely miss Terence.
The ball python bites you but does no damage.
The ball python constricts you.
Terence hits you with a +2 falchion of protection.
You hit the ball python.
You feel better.
You kill the ball python!
You hit Terence but do no damage. Terence looks scornfully at you.
Terence hits you but does no damage.
You barely miss Terence.
Terence is moderately wounded.
Terence hits you with a +2 falchion of protection.
You hit Terence but do no damage.
Terence is moderately wounded.
Terence hits you but does no damage.
You hit Terence but do no damage.
Terence is moderately wounded.
Terence hits you with a +2 falchion of protection!
Terence barely misses you.
You hit Terence.
Terence is heavily wounded.
Terence hits you with a +2 falchion of protection.
You hit Terence but do no damage.
Terence is heavily wounded.
Terence hits you with a +2 falchion of protection!
* * * LOW HITPOINT WARNING * * *
You hit Terence but do no damage.
Terence is heavily wounded.
Terence hits you with a +2 falchion of protection.
* * * LOW HITPOINT WARNING * * *
You hit Terence but do no damage.
Terence is heavily wounded.
Terence hits you with a +2 falchion of protection.
You die...

## #### .# #!.##
.[... #####...### ###
.....# ..#
#####†.###.###
###.......##...######
#...#####....@.......
#.#######....@†......
#.###......###.......
####........>.#
##.....
†......†......# ....
.......#......# ...
......######### ..
..###.#### .
.........# ..#......#


You could see Terence.

Vanquished Creatures
  A gnoll (D:1)
  2 adders (D:2)
  2 dart slugs (D:1)
  4 endoplasms
  A giant cockroach (D:1)
  2 goblins (D:1)
  5 hobgoblins (D:1)
  A quokka (D:1)
  4 ball pythons
  4 bats
  3 frilled lizards
  3 kobolds
  5 rats
37 creatures vanquished.

Notes
Turn   | Place    | Note
-------+----------+-------------------------------------------
     0 | D:1      | undead the Hill Orc Fighter began the quest for the Orb.
     0 | D:1      | Reached XP level 1. HP: 19/19 MP: 1/1
   162 | D:1      | Reached XP level 2. HP: 23/27 MP: 2/2
   516 | D:1      | Reached XP level 3. HP: 22/33 MP: 3/3
  1172 | D:2      | Reached XP level 4. HP: 31/40 MP: 4/4
  1218 | D:2      | Noticed Terence
  1234 | D:2      | Slain by Terence

Illustrated notes

Levels and vault maps discovered:
D:1:      psy_arrival_statuary, layout_basic, minmay_unequal
D:2:      layout_rooms, uniq_terence, uniq_robin, uniq_crazy_yiuf_cottage

Skill      XL: |  1  2  3 |
---------------+----------+-----
Axes           | 3 4 |  4.1
Fighting       | 4 |  4.2
Armour         | |  3.9
Dodging        | |  0.3
Shields        | |  3.5

Action                     |  1- 3 |  4- 6 || total
---------------------------+-------+-------++-------
  Melee: War axe           |    56 |       ||    56
         Hand axe          |    21 |    21 ||    42
    Use: Potion            |     1 |       ||     1
 Armour: Scale mail        |    43 |    11 ||    54
  Dodge: Dodged            |    34 |    14 ||    48
  Block: Buckler           |    27 |     4 ||    31
